 Dungeon Crawl Stone Soup version 0.31-a0-636-ge1c0e020e0 (webtiles) character file.

Game seed: 4295794535789633724

2130 rvierbuc the Ruffian (level 9, 0/26 HPs)
             Began as a Demonspawn Shapeshifter on Aug 26, 2023.
             Was a Believer of Qazlal.
             Slain by a kobold brigand
             ... wielding a +0 war axe
              (8 damage)
             ... in a bailey.
             The game lasted 00:18:14 (5861 turns).

rvierbuc the Ruffian (Demonspawn Shapeshifter)      Turns: 5861, Time: 00:18:15

Health: 0/26       AC:  8    Str: 18    XL:     9   Next: 9%
Magic:  11/11      EV:  6    Int: 12    God:    Qazlal [**....]
Gold:   421        SH: 10    Dex: 19    Spells: 9/10 levels left

rFire   . .          .
                       - Unarmed
rCold   . . .        (shield currently unavailable)
rNeg    . . .        h - +0 plate armour
rPois   +            (no helmet)
rElec   .            y - +1 cloak {Stlth+}
rCorr   .            B - melded +0 pair of gloves
SInv    .            D - +0 pair of boots
Will    .....        (no amulet) Stlth
                     r - +6 ring of dexterity
HPRegen 0.24/turn    A - ring of poison resistance
MPRegen 0.12/turn

%: no passive effects
@: blade hands
A: reduced hp, hooves 2, large bone plates 1, icemail 1, spiny 1, condensation
shield
a: Begin Untransformation, Renounce Religion, Upheaval


You were in a bailey.
You worshipped Qazlal.
Qazlal was pleased with you.
You had blades for hands.
You visited 1 branch of the dungeon, and saw 7 of its levels.
You also visited: Bailey.

You collected 421 gold pieces.

Inventory:

Hand Weapons
 j - the +0 rapier "Rathu" {heavy, Dex+3}
   (You found it on level 2 of the Dungeon)

   Dex+3:     It affects your dexterity (+3).
 x - a +4 quarterstaff of chaos
 G - a +1 orcbow
Missiles
 k - 11 boomerangs (quivered)
 w - 9 poisoned darts
Armour
 a - a +0 animal skin
 h - a +0 plate armour (worn)
 y - a +1 cloak of stealth (worn)
 B - a +0 pair of gloves (melded)
 D - a +0 pair of boots (worn)
 N - a scarf of shadows
Jewellery
 f - a +6 ring of intelligence
 l - a ring of positive energy
 r - a +6 ring of dexterity (left blade hand)
 A - a ring of poison resistance (right blade hand)
Talismans
 c - a beast talisman
 d - a flux talisman
 z - a beast talisman
 I - a maw talisman
 L - a blade talisman (active)
Wands
 m - a wand of charming (6)
 t - a wand of flame (20)
Scrolls
 e - 3 scrolls of teleportation
 g - a scroll of enchant weapon
 i - a scroll of poison
 o - a scroll of fear {unknown}
 p - 3 scrolls of enchant armour {unknown}
 s - a scroll of brand weapon {unknown}
 v - 2 scrolls of identify {unknown}
 E - a scroll of torment {unknown}
 F - 2 scrolls of vulnerability {unknown}
 M - a scroll of fog {unknown}
Potions
 b - 3 potions of lignification
 n - 2 potions of curing
 q - 2 potions of resistance {unknown}
 u - a potion of brilliance {unknown}
 C - a potion of mutation {unknown}
 H - a potion of enlightenment {unknown}
 J - a potion of berserk rage {unknown}
 K - a potion of might {unknown}


   Skills:
 + Level 1.4 Fighting
 + Level 3.8 Throwing
 + Level 3.6 Armour
 + Level 2.4 Dodging
 + Level 0.5 Stealth
 + Level 3.0 Shields
 + Level 7.5 Unarmed Combat
 + Level 1.4 Spellcasting
 + Level 1.6 Conjurations
 + Level 4.5 Shapeshifting


You had 9 spell levels left.
You knew the following spells:

 Your Spells              Type           Power      Damage    Failure   Level
a - Magic Dart            Conj           16%        1d3       99%         1

Your spell library contained the following spells:

 Spells                   Type           Power      Damage    Failure   Level
 Searing Ray              Conj           8%         2d4       100%        2
 Hailstorm                Conj/Ice       2%         3d3       100%        3
 Fulminant Prism          Conj/Hex       1%         3d5       100%        4
 Summon Ice Beast         Ice/Summ       0%         N/A       100%        4
 Simulacrum               Ice/Necr       0%         N/A       100%        6


Dungeon Overview and Level Annotations

Branches:
Dungeon (7/15)             Temple (0/1) D:4          Bailey (1/1)

Altars:
Makhleb
Qazlal
Trog
Uskayaw

Shops:
D:2 *


Innate Abilities, Weirdness & Mutations

You have blades for hands.
Your maximum health is decreased, since you lack skill for your form.
You are incapable of wielding weapons or throwing items.
You have hoof-like feet.
You are partially covered in large bone plates. (SH +4)
A meltable icy envelope protects you from harm. (AC +4)
You are partially covered in sharp spines.
A meltable shield of frost defends you. (SH +4)


Message History

There is an open gate here.
Things that are here:
a boomerang; a kobold corpse You slash the kobold brigand!
The kobold brigand is heavily wounded.
You block the kobold brigand's attack.
You slash the kobold brigand!
The kobold brigand is severely wounded.
The kobold brigand hits you but does no damage.
You miss the kobold brigand.
The kobold brigand is severely wounded.
The kobold brigand closely misses you. The kobold hits you but does no damage.
You block the kobold brigand's attack.
You closely miss the kobold brigand.
The kobold brigand is severely wounded.
You block the kobold brigand's attack. The kobold is struck by your spines.
You kill the kobold!
Qazlal accepts your kill.
The kobold brigand hits you but does no damage.
You barely miss the kobold brigand.
The kobold brigand is severely wounded.
The kobold brigand is struck by your spines.
The kobold brigand hits you with a +0 war axe.
The kobold brigand hits you but does no damage.
You closely miss the kobold brigand. You slash the kobold brigand.
You kill the kobold brigand!
Qazlal accepts your kill.
Your Shields skill increases to level 3!
You barely miss the kobold brigand.
The kobold brigand is struck by your spines.
The kobold brigand hits you with a +0 war axe.
You hit the kobold brigand.
The kobold brigand is lightly wounded.
The kobold brigand is struck by your spines.
The kobold brigand hits you with a +0 war axe.
* * * LOW HITPOINT WARNING * * *
You hit the kobold brigand.
The kobold brigand is heavily wounded.
The kobold brigand hits you with a +0 war axe!
You die...

#######
##.....##
#...∩...#
#.......#
##..∩..##
##@K'## #)○.#
#(.(# #.(.#
#...# .......
~~.......~~
.K~~.......~~..
##~~.K.....~~##


You could see a kobold brigand.

Vanquished Creatures
  Eustachio (D:4)
  An orc warrior (D:6)
  3 ice beasts
  2 black bears
  2 ogres (D:5)
  A centaur (D:6)
  4 phantoms
  2 kobold brigands
  2 bullfrogs
  A scorpion (D:5)
  2 howler monkeys (D:6)
  2 hounds
  A jelly (D:6)
  An orc priest (D:6)
  Crazy Yiuf (D:4)
  A gnoll bouda (D:5)
  3 iguanas
  2 sleepcaps
  5 adders
  3 gnolls (D:5)
  A shadow imp (D:6)
  2 worms
  8 dart slugs
  6 orcs
  8 ball pythons
  5 endoplasms
  2 giant cockroaches (D:3)
  12 goblins
  6 hobgoblins
  7 jackals (D:4)
  2 quokkas
  6 bats
  A frilled lizard (D:1)
  13 kobolds
  3 rats
122 creatures vanquished.

Notes
Turn   | Place    | Note
-------+----------+-------------------------------------------
     0 | D:1      | rvierbuc the Demonspawn Shapeshifter began the quest for
                  | the Orb.
     0 | D:1      | Reached XP level 1. HP: 15/15 MP: 1/1
   200 | D:1      | Gained mutation: A meltable shield of frost defends you.
                  | (SH +4) [demonic ancestry]
   200 | D:1      | Reached XP level 2. HP: 21/21 MP: 2/2
   302 | D:1      | Found a faded altar of an unknown god.
   717 | D:2      | Reached skill level 3 in Unarmed Combat
   739 | D:2      | Found Weplem's Assorted Antiques.
   832 | D:2      | Gained mutation: A meltable icy envelope protects you from
                  | harm. (AC +4) [demonic ancestry]
   832 | D:2      | Reached XP level 3. HP: 26/26 MP: 3/3
   836 | D:2      | Learned a level 1 spell: Magic Dart
   941 | D:2      | Identified the +0 rapier "Rathu" {heavy, Dex+3}
  1232 | D:3      | Reached XP level 4. HP: 31/32 MP: 4/4
  1699 | D:3      | Reached skill level 4 in Unarmed Combat
  1984 | D:3      | Found a glowing drain.
  2375 | D:4      | Found a stormy altar of Qazlal.
  2389 | D:4      | Became a worshipper of Qazlal Stormbringer
  2468 | D:4      | Gained mutation: You have large cloven feet. [demonic
                  | ancestry]
  2468 | D:4      | Reached XP level 5. HP: 17/37 MP: 2/5
  2666 | D:4      | Noticed a black bear
  2674 | D:4      | Killed a black bear
  2731 | D:4      | Reached skill level 1 in Conjurations
  2743 | D:4      | Found a staircase to the Ecumenical Temple.
  2810 | D:4      | Found a bloodstained altar of Trog.
  2831 | D:4      | Noticed Eustachio
  2837 | D:4      | Reached XP level 6. HP: 43/43 MP: 7/7
  2849 | D:4      | Reached skill level 1 in Spellcasting
  2897 | D:4      | Killed Eustachio
  2898 | D:4      | Reached skill level 1 in Throwing
  2898 | D:4      | Reached skill level 1 in Armour
  3320 | D:4      | Gained mutation: You are partially covered in sharp spines.
                  | [demonic ancestry]
  3320 | D:4      | Reached XP level 7. HP: 48/48 MP: 9/9
  3505 | D:4      | Found a runed translucent door.
  3506 | D:4      | Noticed Crazy Yiuf
  3511 | D:4      | Killed Crazy Yiuf
  3570 | D:5      | Entered Level 5 of the Dungeon
  3570 | D:5      | Found a hide-covered altar of Uskayaw.
  3611 | D:5      | Reached skill level 5 in Unarmed Combat
  3626 | D:5      | Reached skill level 1 in Shields
  3762 | D:5      | Found a burning altar of Makhleb.
  4005 | D:5      | Reached * piety under Qazlal
  4063 | D:5      | Reached skill level 6 in Unarmed Combat
  4063 | D:5      | Gained mutation: You are partially covered in large bone
                  | plates. (SH +4) [demonic ancestry]
  4063 | D:5      | Reached XP level 8. HP: 54/54 MP: 10/10
  4886 | D:6      | Reached skill level 7 in Unarmed Combat
  5721 | D:7      | Gained mutation: You have hoof-like feet. [demonic
                  | ancestry]
  5721 | D:7      | Reached XP level 9. HP: 14/59 MP: 11/11
  5788 | D:7      | Found a flagged portal.
  5802 | Bailey   | Entered a bailey
  5834 | Bailey   | Reached ** piety under Qazlal
  5861 | Bailey   | Slain by a kobold brigand

Illustrated notes

Levels and vault maps discovered:
D:1:      eino_arrival_druids_welcome, layout_basic,
          shapermc_ecumenical_altar_ellora, grunt_decor_one_mirror
D:2:      layout_rooms, serial_shops, shop_fountains, hangedman_decor_slide_cut
D:3:      layout_basic, portal_sewer_entry_b, grunt_decor_junction
D:4:      layout_basic, kennysheep_little_box, nicolae_qazlal_scattered_showers,
          minmay_temple_entry_glassed_door, kennysheep_generic_room_14,
          uniq_eustachio, uniq_crazy_yiuf_cottage
D:5:      layout_basic, mainiacjoe_overflow_catwalk, bloody_makhleb,
          nrook_pool_corridor
D:6:      layout_gridville, hangedman_decor_lopped
D:7:      layout_layer_cave, grunt_temple_overflow_octagram, enter_bailey_5
Bailey:   bailey_axe_3, bailey

Skill      XL: |  1  2  3  4  5  6  7  8  9 |
---------------+----------------------------+-----
Dodging        | 2 |  2.4
Shapeshifting  | 3 4 |  4.5
Unarmed Combat | 3 4 6 7 |  7.5
Conjurations   | 1 |  1.6
Spellcasting   | 1 |  1.4
Throwing       | 2 3 |  3.8
Armour         | 1 2 3 |  3.6
Shields        | 1 2 3 |  3.0
Fighting       | |  1.4
Stealth        | |  0.5

Action                     |  1- 3 |  4- 6 |  7- 9 || total
---------------------------+-------+-------+-------++-------
  Melee: Unarmed           |   102 |   157 |   140 ||   399
         Punch             |     2 |     6 |     7 ||    15
         Kick              |       |    15 |    34 ||    49
  Throw: Boomerang         |     6 |    22 |    33 ||    61
Ability: Begin Untransform |       |       |     1 ||     1
    Use: Scroll            |       |       |     4 ||     4
         Potion            |       |       |     1 ||     1
   Stab: Sleeping          |     1 |       |       ||     1
 Armour: Animal skin       |     9 |       |       ||     9
         Plate armour      |    33 |   145 |    68 ||   246
  Dodge: Dodged            |    27 |    41 |    28 ||    96
  Block: Other             |    11 |    31 |    61 ||   103
   Form: Blade             |       |       |     1 ||     1

Table legend: (Time is in decaauts)
 A = Elapsed time spent in this place.
 B = Non-inter-level travel time spent in this place.
 C = Inter-level travel time spent in this place.
 D = Time resting spent in this place.
 E = Time spent auto-exploring this place.
 F = Levels seen in this place.
 G = Mean time per level.
                   A        B        C        D        E       F      G
               +--------+--------+--------+--------+--------+-----+--------+
         Total |   5838 |   5549 |    289 |      0 |   4422 |   8 |  729.8 |
       Dungeon |   5782 |   5493 |    289 |      0 |   4400 |   7 |  826.0 |
        Bailey |     56 |     56 |      0 |      0 |     22 |   1 |   56.0 |
               +--------+--------+--------+--------+--------+-----+--------+

Top non-repeatable levels by time:
     D:4: 1313 daAuts
     D:3: 1047 daAuts
     D:5: 1006 daAuts
     D:6: 887 daAuts
     D:1: 700 daAuts
     D:2: 500 daAuts
     D:7: 327 daAuts
  Bailey: 56 daAuts
